 Dungeon Crawl Stone Soup version 0.30-a0-870-gc5d4c5acee (webtiles) character file.

Game seed: 753281928903425400

282 cforsyth the Shooter (level 6, -4/51 HPs)
             Began as a Barachi Hunter on Mar 11, 2023.
             Killed from afar by Blork the orc (6 damage)
             ... with a puff of frost
             ... on level 5 of the Dungeon.
             The game lasted 00:04:52 (3101 turns).

cforsyth the Shooter (Barachi Hunter)               Turns: 3101, Time: 00:04:52

Health: -4/51      AC:  6    Str: 11    XL:     6   Next: 28%
Magic:  5/5        EV: 11    Int: 14    God:
Gold:   208        SH:  0    Dex: 16    Spells: 5/5 levels left

rFire   + . .      SeeInvis .    a - +0 shortbow
rCold   . . .      Faith    .    (shield currently unavailable)
rNeg    . . .      Spirit   .    n - +1 ring mail {rF+}
rPois   .          Reflect  .    (no helmet)
rElec   .          Rampage  .    (no cloak)
rCorr   .                        (no gloves)
Will    .....                    (no boots)
Stlth   +                        (no amulet)
HPRegen 0.28/turn                (no ring)
MPRegen 0.09/turn                (no ring)

@: slow
A: amphibious, slowness 1, strong legs 1, +LOS, clever 1, low MP 1
a: Hop


You were on level 5 of the Dungeon.
You visited 1 branch of the dungeon, and saw 5 of its levels.

You collected 208 gold pieces.

Inventory:

Hand Weapons
 a - a +0 shortbow (weapon)
Armour
 c - a +0 leather armour
 n - a +1 ring mail of fire resistance (worn)
Jewellery
 k - a +6 ring of strength
 r - a ring of see invisible
Scrolls
 b - a scroll of immolation
 d - 4 scrolls of identify {unknown}
 f - 2 scrolls of vulnerability {unknown}
 h - 2 scrolls of poison {unknown}
 i - 2 scrolls of amnesia {unknown}
 l - a scroll of noise {unknown}
 u - a scroll of teleportation {unknown}
Potions
 e - 2 potions of attraction


   Skills:
 + Level 5.0 Fighting
 - Level 5.0 Ranged Weapons
 + Level 3.2 Armour
 - Level 2.8 Dodging
 - Level 1.7 Stealth


You had 5 spell levels left.
You didn't know any spells.
Your spell library contained the following spells:

 Spells                   Type           Power      Damage    Failure   Level
 Ozocubu's Armour         Ice            0%         N/A       89%         3
 Ozocubu's Refrigeration  Ice            0%         4d7       100%        7


Dungeon Overview and Level Annotations

Branches:
Dungeon (5/15)
 Temple: D:4-7

Altars:

Annotations:
D:4 Edmund, Pikel
D:5 Blork the orc


Innate Abilities, Weirdness & Mutations

You are amphibious.
You cover ground slowly.
You can hop short distances.
You have an extended range of vision and can be seen from far away.
Your mind is acute. (Int +4, Str/Dex -1)
Your magical capacity is low. (-10% MP)


Message History

You shoot an arrow. The arrow hits Blork the orc.
Blork the orc is moderately wounded.
Blork the orc gestures at you while chanting.
The magic dart hits you.
* * * LOW HITPOINT WARNING * * *
You shoot an arrow. The arrow hits Blork the orc.
Blork the orc is heavily wounded.
Blork the orc closely misses you. Blork the orc hits you with a +0 mace!
* * * LOW HITPOINT WARNING * * *
It was a potion of curing.
You feel better. Blork the orc hits you with a +0 mace.
* * * LOW HITPOINT WARNING * * *
It was a potion of lignification.
You turn into a tree.
Your +1 ring mail of fire resistance melds into your body.
You feel less resistant to fire.
Your roots penetrate the ground.
Blork the orc points at you and mumbles some strange words.
The magic dart hits you but does no damage.
It was a potion of brilliance.
You feel clever all of a sudden.
Blork the orc grins evilly.
Blork the orc hits you but does no damage.
It was a potion of cancellation.
Your magical effects are unravelling.
You feel magically purged.
You feel less wooden.
Your +1 ring mail of fire resistance unmelds from your body.
You feel resistant to fire.
You feel yourself slow down.
You feel a little less clever now. Blork the orc hits you with a +0 mace!
* * * LOW HITPOINT WARNING * * *
You feel less attractive to monsters.
You shoot an arrow. The arrow hits Blork the orc.
Blork the orc is heavily wounded.
Blork the orc closely misses you. Blork the orc hits you with a +0 mace.
* * * LOW HITPOINT WARNING * * *
You shoot an arrow. The arrow hits Blork the orc!
Blork the orc is almost dead.
Blork the orc gestures at you while chanting.
The puff of frost hits you.
You die...

# ## .## #.#####
### ..##
#....#.... #..#
#..<†..... .. ##>#
##...##....
#<$.#####..#
#..### ##
#......o@..# ##..#
...........###..##
#..........##..##
#.(....###......#
..#..## ##.......#
# ##. ##..##..# #
..## ### ..## ###


You could see Blork the orc (fast).

Vanquished Creatures
  An acid dragon (D:5)
  A lemure (D:3)
  An iguana (D:5)
  Robin (D:3)
  4 adders
  4 worms (D:2)
  5 dart slugs
  2 orcs
  8 ball pythons
  6 endoplasms
  A giant cockroach (D:3)
  10 goblins
  9 hobgoblins
  3 jackals (D:2)
  7 quokkas
  2 bats
  3 frilled lizards (D:2)
  2 kobolds
  9 rats
79 creatures vanquished.

Notes
Turn   | Place    | Note
-------+----------+-------------------------------------------
     0 | D:1      | cforsyth the Barachi Hunter began the quest for the Orb.
     0 | D:1      | Reached XP level 1. HP: 17/17 MP: 1/1
    89 | D:1      | Reached skill level 1 in Stealth
   122 | D:1      | Reached XP level 2. HP: 23/23 MP: 2/2
   813 | D:2      | Reached XP level 3. HP: 29/29 MP: 3/3
  1043 | D:2      | Reached XP level 4. HP: 35/35 MP: 4/4
  1181 | D:2      | Reached skill level 1 in Armour
  1860 | D:3      | Identified the +3 scale mail of Living the Good {rF++}
  1997 | D:3      | Noticed Robin
  2003 | D:3      | Killed Robin
  2192 | D:3      | Reached XP level 5. HP: 35/42 MP: 5/5
  2417 | D:4      | Noticed a lemure
  2418 | D:4      | Noticed Edmund
  2419 | D:4      | Noticed Pikel
  2419 | D:4      | Noticed a lemure
  2419 | D:4      | Noticed a lemure
  2423 | D:4      | Noticed a lemure
  2455 | D:3      | Killed a lemure
  3029 | D:5      | Entered Level 5 of the Dungeon
  3068 | D:5      | Noticed an acid dragon
  3075 | D:5      | Killed an acid dragon
  3076 | D:5      | Reached skill level 5 in Fighting
  3076 | D:5      | Reached skill level 5 in Ranged Weapons
  3076 | D:5      | Reached XP level 6. HP: 21/51 MP: 6/6
  3077 | D:5      | Noticed Blork the orc
  3086 | D:5      | HP: 2/51 [Blork the orc/puff of flame (5)]
  3088 | D:5      | Gained mutation: Your mind is acute. (Int +4, Str/Dex -1)
                  | [potion of mutation]
  3088 | D:5      | Gained mutation: You are frail. (-10% HP) [potion of
                  | mutation]
  3088 | D:5      | Gained mutation: Your magical capacity is low. (-10% MP)
                  | [potion of mutation]
  3088 | D:5      | Lost mutation: You are frail. (-10% HP) [potion of
                  | mutation]
  3100 | D:5      | HP: 2/51 [Blork the orc/+0 mace (1)]
  3101 | D:5      | Killed from afar by Blork the orc

Illustrated notes

Levels and vault maps discovered:
D:1:      sevenhm_arrival_forest_fort_large_2, layout_loops_ring
D:2:      layout_loops_cross
D:3:      layout_loops_ring, uniq_robin
D:4:      layout_loops_corners, mainiacjoe_overflow_alcove_3, uniq_pikel,
          uniq_duvessa, uniq_crazy_yiuf_cottage, uniq_edmund
D:5:      layout_layer_cave, nicolae_shop_gadgets, uniq_blork_the_orc, uniq_ijyb

Skill      XL: |  1  2  3  4  5 |
---------------+----------------+-----
Stealth        | 1 |  1.7
Fighting       | 3 5 |  5.0
Armour         | 1 3 |  3.2
Ranged Weapons | 5 |  5.0
Dodging        | |  2.8

Action                     |  1- 3 |  4- 6 || total
---------------------------+-------+-------++-------
   Fire: Shortbow          |    95 |   165 ||   260
    Use: Potion            |       |     9 ||     9
 Armour: Leather armour    |    17 |     1 ||    18
         Ring mail         |       |    19 ||    19
         Skin              |       |     2 ||     2
  Dodge: Dodged            |    18 |    75 ||    93

Table legend: (Time is in decaauts)
 A = Elapsed time spent in this place.
 B = Non-inter-level travel time spent in this place.
 C = Inter-level travel time spent in this place.
 D = Time resting spent in this place.
 E = Time spent auto-exploring this place.
 F = Levels seen in this place.
 G = Mean time per level.
                   A        B        C        D        E       F      G
               +--------+--------+--------+--------+--------+-----+--------+
         Total |   3622 |   3516 |    106 |    317 |   2594 |   5 |  724.4 |
       Dungeon |   3622 |   3516 |    106 |    317 |   2594 |   5 |  724.4 |
               +--------+--------+--------+--------+--------+-----+--------+

Top non-repeatable levels by time:
     D:3: 1436 daAuts
     D:1: 964 daAuts
     D:2: 801 daAuts
     D:4: 337 daAuts
     D:5: 83 daAuts
